 Dungeon Crawl Stone Soup version 0.16.1-16-gc44b35d (webtiles) character file.

51 Rester5115 the Charmwright (level 3, -4/28 HPs)
             Began as a Merfolk Skald on Apr 20, 2015.
             Slain by Crazy Yiuf
             ... wielding a +4 quarterstaff of chaos
              (12 damage)
             ... on level 2 of the Dungeon.
             The game lasted 00:09:02 (2691 turns).

Rester5115 the Charmwright (Merfolk Skald)          Turns: 2691, Time: 00:09:02

Health: -4/28      AC:  3    Str: 12    XL:     3   Next: 83%
Magic:  2/6        EV: 12    Int: 11    God:
Gold:   76         SH:  0    Dex: 14    Spells: 2 memorised, 3 levels left

rFire  . . .     SeeInvis .     a - +0 falchion
rCold  . . .     Clarity  +     b - +0 leather armour
rNeg   . . .     SustAb   .     (no shield)
rPois  .         Gourm    .     (no helmet)
rElec  .         Spirit   .     (no cloak)
rCorr  .         Warding  .     (no gloves)
rMut   .         Stasis   .     (no boots)
MR     +....                    j - amulet of clarity
Stlth  +.........               (no ring)
                                m - ring of protection from magic

@: infused, somewhat resistant to hostile enchantments, very unstealthy
A: change form in water, swift swim
a: no special abilities


You were on level 2 of the Dungeon.
You were hungry.

You visited 1 branch of the dungeon, and saw 2 of its levels.

You collected 76 gold pieces.

Inventory:

Hand weapons
 a - a +0 falchion (weapon)
Armour
 b - a +0 leather armour (worn)
Jewellery
 e - an uncursed amulet of warding
 j - an amulet of clarity (around neck)
 m - a ring of protection from magic (left hand)
Scrolls
 f - a scroll of fear {unknown}
 i - a scroll of remove curse {unknown}
 n - a scroll of magic mapping {unknown}
Potions
 h - a potion of curing {unknown}
 k - a potion of flight {unknown}
Books
 c - a book of Battle

   Spells                             Type                      Level
   a - Infusion                       Charms                       1
   b - Shroud of Golubria             Charms/Translocation         2
   c - Song of Slaying                Charms                       2
   d - Spectral Weapon                Hexes/Charms                 3
   e - Regeneration                   Charms/Necromancy            3
Comestibles
 d - 2 bread rations
 g - a meat ration
 l - 5 chunks of flesh


   Skills:
 + Level 2.9 Fighting
 + Level 2.5 Long Blades
 - Level 0.6 Armour
 + Level 2.4 Dodging
 - Level 2.0 Spellcasting
 + Level 4.1 Charms


You had 3 spell levels left.
You knew the following spells:

 Your Spells              Type           Power        Failure   Level  Hunger
a - Infusion              Chrm           ##....       10%         1    ##.....
b - Shroud of Golubria    Chrm/Tloc      #.........   24%         2    ###....


Dungeon Overview and Level Annotations

Branches:
Dungeon (2/15)

Altars:

Annotations:
D:2 Crazy Yiuf


Message History

Crazy Yiuf closely misses you.
You hit Crazy Yiuf.
Crazy Yiuf is moderately wounded.
Crazy Yiuf hits you with a quarterstaff of chaos!
Your shroud falls apart!
Crazy Yiuf freezes you.
You barely miss Crazy Yiuf.
Crazy Yiuf is moderately wounded.
Crazy Yiuf barely misses you.
You barely miss Crazy Yiuf.
Crazy Yiuf is moderately wounded.
Crazy Yiuf hits you with a quarterstaff of chaos.
Crazy Yiuf freezes you.
* * * LOW HITPOINT WARNING * * *
You barely miss Crazy Yiuf.
Crazy Yiuf is moderately wounded.
You are feeling hungry.
Crazy Yiuf says, "Crazy?
Crazy!?
PORCUPINE!"
Crazy Yiuf hits you with a quarterstaff of chaos!
You die...

##########
.........#########
..................
.........#########
.........# .........#
.........####♣♣♣♣♣
...............♣@♣♣♣
................♣g.♣
...............♣♣♣♣...g.#
.........#....♣♣ #..)#
)........####♣♣ ###
.........# .........#
###...#### ...#


You could see Crazy Yiuf.

Vanquished Creatures
  2 worms
  3 giant geckos (D:1)
  2 bats
  4 giant cockroaches (D:1)
  7 goblins
  3 hobgoblins (D:1)
  2 jackals (D:1)
  2 ball pythons (D:1)
  A giant newt (D:1)
  4 kobolds (D:1)
  6 rats
36 creatures vanquished.

Notes
Turn   | Place    | Note
--------------------------------------------------------------
     0 | D:1      | Rester5115, the Merfolk Skald, began the quest for the Orb.
     0 | D:1      | Reached XP level 1. HP: 16/16 MP: 3/3
   900 | D:1      | Reached XP level 2. HP: 23/23 MP: 4/4
  1621 | D:1      | Learned a level 2 spell: Shroud of Golubria
  1709 | D:1      | Reached XP level 3. HP: 18/28 MP: 1/6
  2098 | D:1      | Reached skill level 4 in Charms
  2681 | D:2      | Noticed Crazy Yiuf
  2691 | D:2      | Slain by Crazy Yiuf

Action                   || total
-------------------------++-------
Melee: Falchion          ||   122
 Cast: Infusion          ||    16
       Shroud of Golubri ||     3
  Eat: Chunk             ||     6
